 Dungeon Crawl Stone Soup version 0.21.1-1-g345015f (webtiles) character file.

4811 asishallab the Grappler (level 10, -7/80 HPs)
             Began as a Troll Monk on May 20, 2018.
             Was an Elder of Hepliaklqana.
             Mangled by an orc warrior
             ... wielding a +0 hand axe
              (18 damage)
             ... on level 9 of the Dungeon.
             The game lasted 00:28:35 (6188 turns).

asishallab the Grappler (Troll Monk)                Turns: 6188, Time: 00:28:36

Health: -7/80      AC:  5    Str: 21    XL:     10   Next: 24%
Magic:  11/11      EV: 13    Int:  6    God:    Hepliaklqana [****..]
Gold:   76         SH: 11    Dex: 15    Spells: 9/9 levels left

rFire    . . .     SeeInvis +     - Unarmed
rCold    . . .     Gourm    +   m - +1 shield
rNeg     . . .     Faith    .   j - +0 robe
rPois    .         Spirit   .   (helmet restricted)
rElec    .         Reflect  .   (no cloak)
rCorr    .         Harm     +   (gloves unavailable)
MR       .....                  (boots unavailable)
Stlth    ++........             y - amulet of harm
HPRegen  0.63/turn              F - ring of wizardry
MPRegen  0.12/turn              h - ring of see invisible

@: no status effects
A: large, unfitting armour, reduced essence, claws 3, fast metabolism 3,
gourmand, regeneration 1, shaggy fur 1, tough skin 2
a: Recall Ancestor, Ancestor Identity, Transference, Idealise, Renounce Religion


You were on level 9 of the Dungeon.
You worshipped Hepliaklqana.
Hepliaklqana was greatly pleased with you.
You were very full.

You visited 1 branch of the dungeon, and saw 8 of its levels.
You also visited: Ossuary.

You collected 633 gold pieces.
You spent 557 gold pieces at shops.

Inventory:

Hand Weapons
 a - a +0 mace of crushing
Missiles
 c - 11 javelins
 d - 8 large rocks (quivered)
 e - 177 stones
 G - 7 tomahawks
Armour
 j - a +0 robe (worn)
 m - a +1 shield (worn)
Jewellery
 h - a ring of see invisible (right claw)
 q - an uncursed ring of flight
 y - an amulet of harm (around neck)
 F - a ring of wizardry (left claw)
Wands
 x - a wand of acid (8)
 I - a wand of iceblast (7)
 J - a wand of enslavement (11)
Scrolls
 f - a scroll of fog
 g - a scroll of magic mapping
 i - 5 scrolls of teleportation
 n - 6 scrolls of identify
 o - 2 scrolls of fear
 p - 4 scrolls of enchant armour
 s - a scroll of noise {unknown}
 t - 4 scrolls of blinking
 A - a scroll of enchant weapon {unknown}
 B - 3 scrolls of remove curse
 D - a scroll of holy word
 H - a scroll of vulnerability {unknown}
Potions
 k - a potion of agility
 l - 2 potions of brilliance
 r - 3 potions of lignification
 u - 2 potions of curing
 v - 3 potions of cancellation
 w - 2 potions of flight
 C - a potion of invisibility
Books
 z - the Guide on the Mountains and Feathers
   (You found it on level 6 of the Dungeon)

   Spells                             Type                      Level
   a - Sandblast                      Earth                        1
   b - Passwall                       Transmutation/Earth          2
   c - Leda's Liquefaction            Hexes/Earth                  4
   d - Iron Shot                      Conjuration/Earth            6
   e - Freezing Cloud                 Conjuration/Ice/Air          6
 E - a book of Cantrips

   Spells                             Type                      Level
   a - Confusing Touch                Hexes                        1
   b - Animate Skeleton               Necromancy                   1
   c - Summon Small Mammal            Summoning                    1
   d - Apportation                    Translocation                1
Comestibles
 b - 12 rations
 K - 4 chunks of flesh


   Skills:
 - Level 2.8 Fighting
 + Level 6.6 Dodging
 - Level 1.1 Stealth
 + Level 5.8 Shields
 * Level 10.6 Unarmed Combat
 + Level 3.5 Invocations


You had 9 spell levels left.
You didn't know any spells.

Dungeon Overview and Level Annotations

Branches:
Dungeon (9/15)               Lair (0/6) D:9
 Temple: D:4-7          Orc: D:9-12

Altars:
Ashenzari
Gozag
Hepliaklqana
Kikubaaqudgha
Makhleb
Qazlal
Uskayaw
Xom
Yredelemnul

Shops:
D:6 (   D:8 ?


Innate Abilities, Weirdness & Mutations

You are too large for most types of armour.
You have claws for hands.
Your metabolism is lightning-fast.
You like to eat raw meat.
Your natural rate of healing is unusually fast.
You are covered in fur. (AC +1)
You have very tough skin. (AC +2)
Your life essence is reduced to manifest your ancestor. (-10% HP)


Message History

The orc warrior hits you with a hand axe!!
* * * LOW HITPOINT WARNING * * *
Evoke which item? (* to show all) (? for menu, Esc to quit)
Aiming: Enslavement
Press: ? - help, Shift-Dir - straight line, f - orc wizard
Aim: an orc wizard, wielding a dagger and wearing a robe (chance to defeat MR: 46%)
The orc warrior resists with some effort.
You block the orc warrior's attack.
Evoke which item? (* to show all) (? for menu, Esc to quit)
Aiming: Enslavement
Press: ? - help, Shift-Dir - straight line, f/p - orc wizard
Aim: an orc wizard, wielding a dagger and wearing a robe (chance to defeat MR: 46%)
The orc warrior resists with some effort.
You block the orc warrior's attack.
You closely miss the orc warrior.
The orc warrior is severely wounded.
You closely miss the orc warrior.
The orc warrior is severely wounded.
The orc warrior hits you with a hand axe!
You die...

#..≈8≈≈≈≈≈ ≈≈
#..8≈≈≈≈≈≈≈≈≈
#............
#.######..#..
#....(.......
#####.####.#
#.# #)# #@#
#o# #Yo...o..
#h.......
#.....>..
##.......
.....h.
#......
......


You could see a warg, an orc warrior, an ice beast and an orc wizard.

Vanquished Creatures
  A two-headed ogre (D:8)
  The ghost of bmj180 the Carver, a novice HaFi of Okawaru (D:8)
  Prince Ribbit (D:6)
  Eustachio (D:6)
  A vampire (D:9)
  A warg (D:9)
  3 orc warriors (D:9)
  A sky beast (D:5)
  An ogre (D:3)
  A phantom (D:4)
  A necrophage (D:8)
  A centaur (D:6)
  Blork the orc (D:6)
  A bullfrog (D:8)
  2 howler monkeys (D:4)
  6 crimson imps
  4 orc priests
  A jelly (D:9)
  5 orc wizards
  A bullfrog skeleton (D:6)
  3 iguanas
  2 worker ants
  Natasha (thrice) (D:3)
  5 mummies (Ossuary)
  Robin (D:2)
  7 adders
  4 gnolls
  A shadow imp (D:8)
  An ooze (D:2)
  A worm (D:4)
  5 leopard geckos
  21 orcs
  6 giant cockroaches
  A gnoll zombie (Ossuary)
  11 goblins
  11 hobgoblins
  7 jackals
  2 quokkas
  2 ball pythons (D:1)
  5 bats
  5 frilled lizards
  A hobgoblin zombie (Ossuary)
  7 kobolds
  A leopard gecko skeleton (D:5)
  An orc zombie (Ossuary)
  7 rats
156 creatures vanquished.

Vanquished Creatures (collateral kills)
  An ice beast (D:5)
  4 orc warriors
  A centaur (D:8)
  A bullfrog (D:8)
  A gnoll sergeant (D:9)
  2 scorpions
  2 electric eels (D:9)
  A howler monkey (D:5)
  3 orc priests
  An orc wizard (D:8)
  2 worker ants (D:4)
  3 mummies (Ossuary)
  A shadow imp (D:8)
  An ooze (D:4)
  5 orcs
  2 giant cockroaches (D:4)
  2 jackals (D:4)
  2 hobgoblin zombies (Ossuary)
  A kobold zombie (Ossuary)
  2 orc zombies (Ossuary)
38 creatures vanquished.

Vanquished Creatures (others)
  A human (D:3)
  An orc wizard (D:9)
  3 battlemagi
  4 orcs (D:9)
9 creatures vanquished.

Grand Total: 203 creatures vanquished

Notes
Turn   | Place    | Note
-------+----------+-------------------------------------------
     0 | D:1      | asishallab the Troll Monk began the quest for the Orb.
     0 | D:1      | Reached XP level 1. HP: 22/22 MP: 0/0
   146 | D:1      | Reached XP level 2. HP: 29/29 MP: 1/1
   306 | D:1      | Reached XP level 3. HP: 35/36 MP: 2/2
  1140 | D:2      | Reached XP level 4. HP: 44/44 MP: 3/3
  1485 | D:3      | Noticed Robin
  1487 | D:3      | Reached skill level 4 in Unarmed Combat
  1517 | D:2      | Killed Robin
  1517 | D:2      | Reached skill level 1 in Shields
  1620 | D:3      | Noticed an ogre
  1627 | D:3      | Killed an ogre
  1627 | D:3      | Reached XP level 5. HP: 52/52 MP: 4/4
  1640 | D:3      | Found an opulent altar of Gozag.
  1674 | D:3      | Found an ancient bone altar of Kikubaaqudgha.
  1728 | D:3      | Noticed Natasha
  1730 | D:3      | Killed Natasha
  1735 | D:3      | Noticed Natasha
  1738 | D:3      | Killed Natasha
  1738 | D:3      | Reached skill level 5 in Unarmed Combat
  1784 | D:3      | Noticed Natasha
  1821 | D:3      | Found a stormy altar of Qazlal.
  1832 | D:3      | Killed Natasha
  1832 | D:3      | Reached XP level 6. HP: 52/59 MP: 5/5
  2042 | D:3      | Found a faded altar of an unknown god.
  2054 | D:3      | Became a worshipper of Hepliaklqana the Forgotten
  2054 | D:3      | Reached * piety under Hepliaklqana
  2054 | D:3      | Reached ** piety under Hepliaklqana
  2055 | D:3      | Remembered your ancestor Ishtar-belessa as a battlemage
  2128 | D:3      | Noticed a human
  2130 | D:3      | Killed a human
  2525 | D:4      | Found a shattered altar of Ashenzari.
  2528 | D:4      | Reached *** piety under Hepliaklqana
  2558 | D:4      | Reached XP level 7. HP: 59/59 MP: 6/6
  2606 | D:4      | Found a sand-covered staircase.
  2681 | D:4      | Reached skill level 6 in Unarmed Combat
  2835 | Ossuary  | Entered an ossuary
  3345 | D:5      | Entered Level 5 of the Dungeon
  3439 | D:5      | Reached skill level 7 in Unarmed Combat
  3645 | D:5      | Reached XP level 8. HP: 32/66 MP: 7/7
  3760 | D:5      | Found a shimmering altar of Xom.
  4127 | D:6      | Identified the Guide on the Mountains and Feathers
  4136 | D:6      | Reached **** piety under Hepliaklqana
  4150 | D:6      | Noticed Blork the orc
  4152 | D:6      | Killed Blork the orc
  4190 | D:6      | Noticed Eustachio
  4197 | D:6      | Killed Eustachio
  4197 | D:6      | Reached skill level 5 in Dodging
  4197 | D:6      | Reached skill level 8 in Unarmed Combat
  4335 | D:6      | Noticed Prince Ribbit
  4363 | D:6      | Found Fueskum's Weapon Shoppe.
  4412 | D:6      | Killed Prince Ribbit
  4471 | D:6      | You fall through a shaft for 2 floors!
  4485 | D:8      | Found a basalt altar of Yredelemnul.
  4503 | D:8      | Reached XP level 9. HP: 25/72 MP: 8/8
  4879 | D:8      | Reached skill level 9 in Unarmed Combat
  4966 | D:8      | Noticed a two-headed ogre
  4968 | D:8      | Killed a two-headed ogre
  4968 | D:8      | Reached skill level 5 in Shields
  4968 | D:8      | Reached skill level 1 in Invocations
  4987 | D:8      | Found Nuoviwn's Magic Scroll Boutique.
  4988 | D:8      | Noticed bmj180's ghost (novice HaFi)
  5010 | D:8      | Killed bmj180's ghost
  5010 | D:8      | Reached skill level 10 in Unarmed Combat
  5111 | D:8      | Bought a scroll of enchant armour for 97 gold pieces
  5111 | D:8      | Bought a scroll of identify for 26 gold pieces
  5111 | D:8      | Bought a scroll of enchant armour for 97 gold pieces
  5111 | D:8      | Bought a scroll of remove curse for 39 gold pieces
  5111 | D:8      | Bought a scroll of teleportation for 39 gold pieces
  5111 | D:8      | Bought a scroll of blinking for 97 gold pieces
  5111 | D:8      | Bought a scroll of identify for 26 gold pieces
  5111 | D:8      | Bought a scroll of remove curse for 39 gold pieces
  5111 | D:8      | Bought a scroll of holy word for 97 gold pieces
  5318 | D:8      | Found a burning altar of Makhleb.
  5321 | D:8      | Found a hazy altar of Hepliaklqana.
  5324 | D:8      | Found a hide-covered altar of Uskayaw.
  5502 | D:9      | Reached XP level 10. HP: 68/80 MP: 11/11
  6173 | D:9      | Found a staircase to the Lair.
  6188 | D:9      | Mangled by an orc warrior

Skill      XL: |  1  2  3  4  5  6  7  8  9 10 |
---------------+-------------------------------+-----
Dodging        | 3 4 5 6 |  6.6
Unarmed Combat | 4 5 7 8 10 | 10.6
Shields        | 1 2 3 4 5 |  5.8
Invocations    | 2 3 |  3.5
Fighting       | |  2.8
Stealth        | |  1.1

Action                   |  1- 3 |  4- 6 |  7- 9 | 10-12 || total
-------------------------+-------+-------+-------+-------++-------
Melee: Unarmed           |    78 |   139 |   173 |    62 ||   452
       Punch             |     1 |       |       |       ||     1
Throw: Large rock        |     1 |       |    13 |     8 ||    22
       Stone             |       |       |     2 |     2 ||     4
       Javelin           |       |       |       |    12 ||    12
Invok: Recall Ancestor   |       |     3 |     1 |       ||     4
       Ancestor Life: Ba |       |     1 |       |       ||     1
Evoke: Wand              |       |       |     2 |     3 ||     5
  Use: Scroll            |       |     7 |     6 |       ||    13
       Potion            |       |     3 |     4 |     3 ||    10
 Stab: Sleeping          |     3 |     5 |     1 |       ||     9
       Distracted        |       |       |     2 |     2 ||     4
  Eat: Chunk             |    15 |    14 |    25 |     8 ||    62
Armor: Robe              |    16 |    37 |    31 |     2 ||    86
Dodge: Dodged            |    27 |    60 |    46 |    26 ||   159
Block: Shield            |    10 |    60 |    79 |    29 ||   178
